Map: Ascension to Aiur LE

Players

Metasapien - Winner!

  • Race: Zerg Zerg
  • League: Platinum
  • Spawn Location: 5:00

A.I. 1 (Elite)

  • Race: Protoss Protoss
  • Spawn Location: 11:00

VOD

Have the link to the VOD?

Description

Time

  • Played on: Sept. 23, 2017, 5:32 a.m.
  • Length: 21:17
Show
View Real Time Build Order
Export as new Build Order

Metasapien Zerg - Winner!

Build Orders: Pool First 

Get SALT Encoding   

  12  0:01  Drone  
  13  0:24  Spawning Pool  
  13  0:25  Drone  
  13  0:34  Overlord  
  13  0:38  Drone  
  13  0:42  Extractor  
  13  0:45  Drone  
  14  0:53  Drone  
  15  0:58  Drone  
  16  1:09  Drone  
  17  1:23  Hatchery  
  16  1:31  Drone  
  16  1:32  Drone  
  18  1:42  Drone  
  19  1:52  Drone  
  20  2:07  Drone  
  21  2:10  Hatchery  
  21  2:15  Queen  
  22  2:18  Overlord  
  22  2:23  Extractor  
  21  2:37  Drone, Roach Warren  
  21  2:44  Queen  
  21  2:50  Metabolic Boost  
  23  2:54  Drone  
  24  2:59  Drone  
  24  3:04  Drone x2  
  27  3:07  Drone  
  27  3:10  Drone  
  29  3:18  Overlord  
  29  3:24  Drone  
  30  3:29  Drone  
  30  3:31  Drone  
  30  3:34  Roach  
  34  3:35  Roach  
  34  3:37  Zergling x2  
  37  3:43  Drone  
  37  3:45  Drone x2  
  40  3:50  Overlord  
  40  3:59  Lair  
  40  4:03  Queen  
  40  4:08  Roach  
  40  4:09  Drone  
  45  4:11  Drone  
  45  4:13  Drone  
  47  4:18  Drone  
  47  4:19  Drone x2  
  50  4:24  Spine Crawler  
  50  4:27  Drone  
  50  4:28  Drone  
  51  4:34  Pneumatized Carapace  
  51  4:38  Drone  
  52  4:39  Drone x3  
  55  4:49  Overlord x2  
  55  4:53  Roach  
  55  4:57  Extractor  
  55  4:59  Extractor  
  55  5:01  Drone  
  55  5:07  Evolution Chamber  
  55  5:08  Overlord, Evolution Chamber  
  55  5:10  Hydralisk Den  
  53  5:17  Drone x5  
  53  5:18  Drone  
  53  5:19  Drone x4  
  53  5:20  Overlord  
  63  5:23  Overseer  
  63  5:36  Drone  
  63  5:38  Drone  
  63  5:39  Drone  
  63  5:40  Muscular Augments  
  63  5:41  Overlord x2  
  66  5:44  Roach x2, Hydralisk  
  66  5:46  Roach  
  66  5:47  Roach  
  76  5:57  Zerg Missile Weapons Level 1  
  76  5:59  Drone  
  76  6:00  Drone x2  
  79  6:04  Drone  
  79  6:05  Drone x2  
  79  6:07  Extractor  
  79  6:08  Extractor  
  79  6:11  Zerg Ground Armor Level 1  
  80  6:14  Spine Crawler  
  80  6:17  Drone x2, Hydralisk x2  
  80  6:18  Spine Crawler  
  84  6:25  Spore Crawler  
  84  6:29  Hydralisk x2  
  84  6:32  Overlord x3  
  87  6:35  Drone  
  87  6:36  Drone x2  
  90  6:40  Overlord  
  90  6:41  Overlord  
  90  6:48  Queen  
  90  6:54  Drone x2  
  93  6:55  Roach, Hydralisk  
  93  6:56  Infestation Pit, Roach  
  99  7:04  Drone  
  99  7:06  Drone  
  101  7:10  Overseer  
  101  7:15  Drone  
  101  7:16  Drone x2  
  101  7:17  Drone  
  101  7:18  Drone  
  101  7:19  Roach, Hydralisk x2  
  101  7:20  Roach  
  114  7:24  Drone  
  115  7:30  Hydralisk x2  
  119  7:48  Hive  
  119  7:52  Drone x2, Hatchery  
  120  8:06  Overlord x3  
  120  8:08  Overlord x2  
  120  8:22  Hydralisk x5  
  120  8:23  Hydralisk, Roach x3  
  120  8:24  Drone x2, Infestor x2  
  144  8:35  Overlord x2  
  144  8:36  Overlord  
  144  8:55  Hydralisk x2  
  144  8:56  Roach x3, Hydralisk  
  144  8:59  Zerg Missile Weapons Level 2, Zerg Ground Armor Level 2  
  156  9:11  Spire  
  156  9:14  Drone  
  156  9:15  Queen  
  145  9:37  Hydralisk x2  
  145  9:38  Roach x2, Hydralisk x5  
  135  9:39  Roach x3  
  135  9:40  Zergling x4  
  135  9:41  Zergling x10  
  135  9:42  Zergling x2  
  137  9:55  Roach, Hydralisk x3  
  137  9:56  Roach x3  
  151  10:33  Hatchery  
  150  10:39  Hydralisk x3  
  150  10:40  Roach x4, Hydralisk x4  
  150  10:41  Roach x4, Hydralisk x3  
  150  10:42  Roach x3  
  192  10:55  Extractor  
  192  10:56  Extractor  
  190  11:25  Drone  
  190  11:26  Drone x3  
  195  11:40  Drone  
  195  11:41  Drone  
  195  11:43  Hydralisk  
  195  11:44  Roach  
  200  12:15  Zerg Missile Weapons Level 3, Zerg Ground Armor Level 3  
  200  12:16  Adrenal Glands  
  200  12:19  Greater Spire  
  190  12:35  Hydralisk x3  
  190  12:36  Roach x4, Hydralisk x4  
  190  12:37  Overlord x4, Roach x2  
  183  12:38  Overlord, Hydralisk x2  
  183  12:39  Hydralisk, Roach x4  
  185  12:48  Burrow  
  185  12:50  Queen  
  187  12:58  Drone x3  
  190  13:15  Hydralisk  
  190  13:16  Roach x3, Hydralisk  
  190  13:19  Overseer  
  200  13:36  Extractor x2  
  198  13:52  Glial Reconstitution  
  115  14:55  Hydralisk x3  
  115  14:56  Roach x4, Hydralisk x4  
  115  14:57  Zergling x2, Roach x3  
  115  14:58  Infestor x3, Hydralisk x2  
  115  14:59  Hydralisk x3, Roach x3  
  154  15:00  Roach x3  
  146  15:25  Zerg Melee Weapons Level 1  
  146  15:27  Zergling x12  
  146  15:28  Zergling x24  
  164  15:30  Ravager x6  
  164  15:31  Ravager x2  
  172  16:11  Hydralisk  
  172  16:12  Hydralisk x2  
  172  16:13  Corruptor x6, Hatchery, Roach x2  
  172  16:14  Corruptor x2  
  197  16:19  Overseer  
  195  16:30  Hatchery  
  150  16:43  Roach, Hydralisk x6  
  150  16:44  Hydralisk x2, Roach x6  
  150  16:45  Hydralisk, Zergling x8, Roach x4  
  150  16:46  Roach x3  
  177  17:05  Brood Lord x2  
  177  17:06  Brood Lord x4  
  181  17:19  Roach, Hydralisk x5  
  181  17:20  Roach x3  
  195  17:52  Zerg Melee Weapons Level 2  
  195  17:55  Extractor  
  194  17:58  Extractor  
  194  17:59  Queen  
  195  18:13  Zergling x10  
  195  18:56  Zergling x10  
  200  19:03  Brood Lord  
  191  19:50  Zergling x6  
  191  19:51  Zergling x10  
Show
View Real Time Build Order
Export as new Build Order

A.I. 1 (Elite) Protoss 

Build Orders: 1 Gate Expand 

Get SALT Encoding   

  12  0:01  Probe (Chrono Boost)  
  13  0:11  Probe (Chrono Boost)  
  14  0:19  Pylon  
  14  0:22  Probe (Chrono Boost)  
  15  0:38  Probe (Chrono Boost)  
  16  0:46  Assimilator  
  16  0:48  Probe (Chrono Boost)  
  16  0:49  Gateway  
  17  0:59  Probe (Chrono Boost)  
  17  1:00  Pylon  
  18  1:09  Probe (Chrono Boost)  
  19  1:20  Probe (Chrono Boost)  
  20  1:30  Probe (Chrono Boost)  
  21  1:39  Nexus  
  21  1:41  Probe (Chrono Boost)  
  21  1:43  Zealot  
  24  1:53  Probe (Chrono Boost)  
  25  2:01  Cybernetics Core  
  25  2:12  Gateway  
  25  2:17  Pylon  
  25  2:20  Zealot  
  27  2:26  Probe (Chrono Boost)  
  28  2:32  Warp Gate  
  29  2:37  Assimilator  
  29  2:38  Probe (Chrono Boost)  
  29  2:45  Adept  
  29  2:49  Probe (Chrono Boost)  
  32  2:55  Probe (Chrono Boost)  
  32  2:56  Adept  
  33  3:04  Pylon  
  36  3:06  Probe (Chrono Boost)  
  36  3:10  Adept  
  38  3:22  Sentry  
  38  3:23  Probe (Chrono Boost)  
  38  3:26  Probe (Chrono Boost)  
  43  3:34  Stalker  
  43  3:35  Probe (Chrono Boost)  
  43  3:37  Probe (Chrono Boost)  
  46  3:41  Robotics Facility  
  46  3:47  Probe (Chrono Boost)  
  46  3:48  Adept  
  48  3:49  Probe (Chrono Boost)  
  50  3:59  Probe (Chrono Boost)  
  50  4:00  Probe (Chrono Boost)  
  50  4:02  Adept  
  52  4:08  Pylon  
  55  4:10  Probe (Chrono Boost)  
  55  4:11  Probe (Chrono Boost)  
  56  4:22  Probe (Chrono Boost)  
  56  4:23  Probe (Chrono Boost)  
  56  4:24  Stalker  
  58  4:28  Immortal  
  58  4:30  Pylon  
  64  4:33  Probe (Chrono Boost)  
  64  4:35  Probe (Chrono Boost)  
  64  4:37  Stalker  
  68  4:44  Probe (Chrono Boost)  
  70  4:46  Probe (Chrono Boost)  
  70  4:48  Robotics Facility  
  70  4:58  Stalker  
  72  5:01  Probe (Chrono Boost)  
  72  5:02  Probe (Chrono Boost)  
  72  5:03  Immortal  
  74  5:10  Pylon  
  78  5:15  Pylon  
  78  5:24  Assimilator  
  78  5:25  Twilight Council  
  80  5:28  Probe x2 (Chrono Boost)  
  80  5:29  Gateway  
  80  5:36  Assimilator  
  80  5:47  Probe (Chrono Boost), Pylon  
  80  5:48  Probe (Chrono Boost)  
  82  5:59  Probe (Chrono Boost)  
  82  6:00  Probe (Chrono Boost)  
  84  6:06  Templar Archives  
  84  6:10  Probe (Chrono Boost)  
  85  6:12  Forge  
  85  6:16  Forge  
  85  6:18  Nexus  
  85  6:25  Stalker  
  87  6:29  Stalker  
  87  6:30  Pylon  
  89  6:34  Stalker  
  91  6:42  Gateway  
  91  6:46  High Templar  
  93  6:47  Protoss Ground Weapons Level 1  
  93  6:50  Zealot  
  93  6:53  Pylon  
  95  6:56  Pylon, High Templar  
  97  7:08  Observer  
  97  7:09  Sentry  
  97  7:15  Psionic Storm  
  100  7:16  Warp Prism  
  100  7:18  Photon Cannon  
  100  7:21  Photon Cannon  
  100  7:22  Protoss Ground Armor Level 1  
  102  7:24  Pylon  
  102  7:27  Warp Prism  
  104  7:32  Probe x2 (Chrono Boost)  
  104  7:33  Probe (Chrono Boost)  
  104  7:36  Stalker  
  109  7:41  Assimilator  
  109  7:42  Photon Cannon  
  109  7:43  Probe (Chrono Boost)  
  111  7:44  Blink  
  111  7:45  Probe (Chrono Boost)  
  111  7:47  Probe (Chrono Boost), Photon Cannon  
  111  7:49  Pylon  
  112  7:51  Assimilator  
  112  7:54  Probe (Chrono Boost), Gateway  
  112  7:56  Probe (Chrono Boost)  
  112  7:57  Stalker  
  117  7:58  Probe (Chrono Boost)  
  117  8:02  Stalker  
  120  8:07  Probe x2 (Chrono Boost), Sentry  
  120  8:10  Probe (Chrono Boost)  
  120  8:12  Photon Cannon  
  124  8:15  Pylon  
  124  8:18  Probe (Chrono Boost)  
  124  8:19  Probe (Chrono Boost)  
  125  8:21  Probe (Chrono Boost)  
  126  8:28  Observer  
  126  8:29  Stalker  
  126  8:30  Probe x2 (Chrono Boost)  
  126  8:33  Probe (Chrono Boost), Robotics Facility  
  132  8:37  Photon Cannon  
  131  8:45  Nexus  
  131  8:51  Observer  
  131  8:52  Photon Cannon, Stalker  
  131  8:55  Archon, High Templar  
  134  8:56  High Templar  
  134  9:02  Photon Cannon  
  138  9:03  Archon, Photon Cannon  
  138  9:04  High Templar  
  138  9:08  High Templar  
  142  9:13  Gateway  
  142  9:24  Protoss Ground Weapons Level 2  
  142  9:25  Zealot x2  
  142  9:27  Zealot  
  142  9:29  Pylon  
  136  9:35  Zealot  
  122  9:38  Zealot  
  122  9:43  Adept  
  122  9:44  Zealot  
  122  9:45  Zealot  
  90  9:54  Stargate, High Templar  
  90  9:57  Stalker  
  90  9:58  Probe (Chrono Boost)  
  95  10:02  Adept  
  95  10:03  Zealot, Sentry  
  101  10:07  Zealot  
  101  10:08  Assimilator  
  101  10:09  Pylon  
  103  10:16  Assimilator, Charge  
  103  10:19  Stalker  
  105  10:21  Stalker  
  105  10:22  Stalker  
  105  10:23  High Templar  
  105  10:24  Sentry  
  105  10:25  Adept  
  115  10:30  Archon  
  115  10:40  Gateway, Stalker  
  115  10:42  Zealot  
  119  10:44  Zealot x2  
  119  10:45  Nexus  
  119  10:46  Zealot  
  125  10:53  High Templar  
  125  10:54  Observer  
  125  10:55  Observer  
  129  11:01  Zealot x2  
  129  11:03  Zealot x2  
  137  11:05  Sentry  
  137  11:08  Robotics Bay  
  139  11:19  High Templar  
  139  11:23  Stalker, Zealot  
  139  11:24  Stalker, Zealot  
  149  11:26  Archon, High Templar  
  151  11:34  High Templar  
  153  11:41  Archon  
  153  11:42  Photon Cannon, Zealot  
  153  11:43  High Templar  
  153  11:46  Adept  
  159  11:48  Photon Cannon  
  159  11:49  Colossus, High Templar  
  159  11:52  Observer Gravitic Boosters  
  161  11:56  Archon  
  161  11:57  High Templar  
  169  12:05  Assimilator, High Templar  
  169  12:07  Assimilator  
  171  12:14  Colossus  
  171  12:22  Pylon  
  177  12:25  High Templar, Immortal  
  177  12:27  Zealot  
  177  12:28  Zealot  
  177  12:29  Zealot  
  181  12:30  Zealot  
  181  12:31  Zealot  
  181  12:33  Zealot  
  157  12:41  Immortal  
  115  12:46  Zealot  
  115  12:48  Stalker x2  
  115  12:49  Zealot  
  115  12:50  Zealot  
  121  12:52  Zealot  
  121  12:54  Sentry  
  125  13:02  Immortal  
  129  13:05  Zealot  
  129  13:07  Stalker  
  129  13:09  High Templar, Stalker, Zealot  
  129  13:11  Zealot  
  141  13:15  Stalker  
  141  13:19  Immortal  
  143  13:25  Zealot  
  149  13:27  Sentry  
  149  13:28  Zealot  
  149  13:29  Adept  
  149  13:30  Zealot  
  157  13:36  Stalker  
  157  13:39  Zealot  
  161  13:43  Archon, Adept  
  161  13:44  Immortal  
  161  13:47  High Templar  
  161  13:48  Zealot  
  171  13:49  Zealot x2  
  171  13:52  Immortal  
  175  13:57  High Templar  
  175  13:58  Stalker  
  175  14:01  Colossus, Stalker  
  191  14:11  Archon  
  191  14:12  High Templar  
  193  14:19  High Templar  
  195  14:34  Zealot x2  
  195  14:35  Zealot x3  
  175  14:41  Zealot  
  153  14:48  Zealot  
  153  14:52  Zealot, Sentry  
  133  14:53  Adept, Stalker, Zealot  
  133  14:59  High Templar  
  121  15:01  Protoss Ground Armor Level 2  
  121  15:06  Adept  
  115  15:10  Immortal  
  115  15:11  Sentry, High Templar, Zealot  
  115  15:16  Adept, Sentry  
  119  15:25  Stalker  
  119  15:26  Archon, Photon Cannon  
  121  15:29  High Templar  
  121  15:30  Zealot  
  121  15:32  Zealot  
  121  15:34  Zealot  
  129  15:37  High Templar, Immortal  
  129  15:39  Pylon  
  129  15:40  Zealot  
  137  15:45  Nexus  
  137  15:49  Zealot x2  
  141  15:51  Zealot  
  141  15:52  Archon  
  141  15:53  High Templar  
  145  15:59  High Templar  
  145  16:00  Stalker  
  145  16:02  Photon Cannon  
  149  16:07  Photon Cannon  
  149  16:08  Stalker x2  
  149  16:10  Photon Cannon  
  153  16:11  Archon, Stalker  
  153  16:13  High Templar  
  157  16:21  High Templar  
  157  16:23  Stalker  
  161  16:29  Stalker, Zealot x2  
  161  16:32  Zealot  
  115  16:43  Zealot  
  115  16:44  Adept  
  99  16:47  High Templar, Sentry  
  99  16:50  Stalker, Sentry  
  99  16:51  Stalker  
  85  16:55  Observer  
  78  17:01  Sentry  
  78  17:02  Probe (Chrono Boost)  
  78  17:03  Zealot  
  81  17:08  High Templar  
  81  17:11  Stalker x2  
  81  17:12  Adept  
  81  17:13  Stalker, Zealot  
  83  17:16  Pylon  
  83  17:17  Zealot  
  83  17:20  Pylon  
  83  17:22  Observer, Zealot  
  79  17:31  Zealot x2  
  79  17:35  High Templar  
  77  17:37  Zealot  
  77  17:40  Zealot  
  77  17:48  Zealot  
  77  17:49  Adept  
  70  17:55  Zealot  
  70  17:56  Observer  
  70  17:58  Stalker  
  62  17:59  Pylon  
  62  18:03  Sentry  
  62  18:05  Probe x2 (Chrono Boost)  
  67  18:06  Adept, High Templar  
  67  18:08  Probe (Chrono Boost)  
  67  18:10  Probe (Chrono Boost)  
  67  18:12  Probe (Chrono Boost)  
  74  18:13  Nexus, High Templar  
  74  18:16  Probe (Chrono Boost)  
  74  18:17  Probe (Chrono Boost)  
  74  18:19  Probe (Chrono Boost), Stalker  
  80  18:25  Stalker, Sentry  
  67  18:40  High Templar  
  52  18:47  High Templar  
  38  18:55  High Templar  
  27  19:17  Nexus  
  27  19:33  Archon, High Templar  
  27  19:40  Nexus, High Templar  
  27  20:26  Pylon  
  21  20:40  Nexus  
  20  20:48  Probe (Chrono Boost)  
  14  20:50  Probe (Chrono Boost)  
Tags
 
Add a new tag
Caveats
  • Supply blocks, unpowered buildings, or Contaminate may cause inaccurate times.
  • Supply counts are checked every 10 seconds.